 Dungeon Crawl Stone Soup version 0.27.1-33-g824d729ab1 (webtiles) character file.

Game seed: 17161109499957442628

2501 jlumianski the Nimble (level 9, -7/74 HPs)
             Began as a Gnoll Monk on Dec 26, 2021.
             Killed from afar by an electric eel (11 damage)
             ... with a bolt of electricity
             ... on level 7 of the Dungeon.
             The game lasted 00:33:45 (7926 turns).

jlumianski the Nimble (Gnoll Monk)                  Turns: 7926, Time: 00:33:47

Health: -7/74      AC:  6    Str: 12    XL:     9   Next: 53%
Magic:  24/24      EV: 15    Int: 12    God:
Gold:   446        SH:  0    Dex: 14    Spells: 10/16 levels left

rFire    . . .     SeeInvis .   a - +0 hand axe
rCold    . . .     Faith    .   (no shield)
rNeg     . . .     Spirit   .   e - +2 robe {Archmagi}
rPois    .         Reflect  .   C - +0 helmet
rElec    .         Harm     .   (no cloak)
rCorr    .         Rampage  .   (no gloves)
Will     .....     Archmagi +   m - +0 pair of boots
Stlth    +++.......             (no amulet)
HPRegen  0.22/turn              l - ring of magical power
MPRegen  0.19/turn              (no ring)

@: studying Dodging
A: fangs 1, strong nose, distributed training
a: no special abilities


You were on level 7 of the Dungeon.
You visited 1 branch of the dungeon, and saw 7 of its levels.

You collected 446 gold pieces.

Inventory:

Hand Weapons
 a - a +0 hand axe (weapon)
 s - a +2 dagger of venom
 B - a +0 rapier
Missiles
 c - 134 stones
 f - 153 arrows
 j - 8 boomerangs
 k - 88 sling bullets
 o - 7 silver boomerangs (quivered)
 F - 3 poisoned darts
Armour
 b - a +0 robe
 e - a +2 robe of the Archmagi (worn)
 i - a +2 robe of willpower
 m - a +0 pair of boots (worn)
 n - a +1 leather armour of cold resistance
 p - a +0 chain mail
 q - a +0 crystal plate armour
 r - a +0 leather armour
 t - a +0 scale mail
 u - a +0 ring mail
 C - a +0 helmet (worn)
Magical Staves
 y - a staff of conjuration
Jewellery
 l - a ring of magical power (left hand)
 E - a ring of ice
Wands
 D - a wand of flame (13)
Scrolls
 x - 2 scrolls of noise
Potions
 d - a potion of haste
 g - a potion of flight
 v - 2 potions of cancellation
 w - 2 potions of degeneration


   Skills:
 + Level 7.9 Fighting
 + Level 4.3 Short Blades
 + Level 4.3 Long Blades
 + Level 7.9 Axes
 + Level 4.3 Maces & Flails
 + Level 4.3 Polearms
 + Level 4.3 Staves
 + Level 4.3 Slings
 + Level 4.3 Bows
 + Level 4.3 Crossbows
 + Level 4.3 Throwing
 + Level 4.3 Armour
 + Level 8.0 Dodging
 + Level 6.1 Stealth
 + Level 4.3 Shields
 + Level 4.3 Unarmed Combat
 + Level 4.3 Spellcasting
 + Level 3.5 Conjurations
 + Level 3.5 Hexes
 + Level 3.5 Summonings
 + Level 3.5 Necromancy
 + Level 3.5 Translocations
 + Level 3.5 Transmutations
 + Level 3.5 Fire Magic
 + Level 3.5 Ice Magic
 + Level 3.5 Air Magic
 + Level 3.5 Earth Magic
 + Level 3.5 Poison Magic
 + Level 4.8 Invocations
 + Level 4.3 Evocations


You had 10 spell levels left.
You knew the following spells:

 Your Spells              Type           Power      Damage    Failure   Level
a - Shock                 Conj/Air       64%        1d7       4%          1
b - Swiftness             Air            16%        N/A       14%         3
c - Poisonous Vapours     Pois/Air       32%        N/A       8%          2

Your spell library contained the following spells:

 Spells                   Type           Power      Damage    Failure   Level
 Sting                    Tmut/Pois      64%        1d6       4%          1
 Airstrike                Air            8%         N/A       43%         4
 Olgreb's Toxic Radiance  Pois           16%        N/A       43%         4


Dungeon Overview and Level Annotations

Branches:
Dungeon (7/15)
 Temple: D:4-7

Altars:
Ashenzari
Dithmenos
Elyvilon
Fedhas
Makhleb
Nemelex Xobeh
Ru
Wu Jian
Yredelemnul


Innate Abilities, Weirdness & Mutations

You have very sharp teeth.
Your uncanny sense of smell can sniff out nearby items.
Your experience applies equally to all skills.


Message History

The centaur closely misses you.
The electric eel shoots out a bolt of lightning at you!
The bolt of electricity misses you. The bullfrog barely misses you.
The centaur closely misses you.
The centaur kicks you but does no damage.
You feel less invigorated.
You feel less confused. The bullfrog closely misses you.
The electric eel shoots out a bolt of lightning at you!
The bolt of electricity hits you!
* * * LOW HITPOINT WARNING * * *
The centaur hits you.
* * * LOW HITPOINT WARNING * * *
The centaur kicks you but does no damage.
The bullfrog hits you but does no damage.
Unknown command.
Unknown command.
The centaur misses you. The centaur barely misses you. The centaur hits you.
* * * LOW HITPOINT WARNING * * *
The centaur kicks you.
* * * LOW HITPOINT WARNING * * *
The bullfrog misses you.
You feel better. The centaur closely misses you. The centaur misses you.
The electric eel shoots out a bolt of lightning at you!
The bolt of electricity hits you!
* * * LOW HITPOINT WARNING * * *
The bullfrog barely misses you. The centaur hits you.
* * * LOW HITPOINT WARNING * * *
The centaur barely misses you.
You miss the electric eel. The bullfrog barely misses you.
The centaur hits you but does no damage.
The centaur barely misses you.
Your +2 dagger of venom stops dripping with poison.
a - a +0 hand axe (weapon)
The bullfrog hits you but does no damage.
The centaur misses you. The centaur barely misses you.
The electric eel shoots out a bolt of lightning at you!
The bolt of electricity hits you!
You die...

#.## #######..## #.
###.........#
..###...≈≈≈≈≈...###
#.....≈≈≈...≈≈≈...#
..≈≈≈≈≈......≈≈≈≈.#
≈≈≈......≈≈≈....≈.#
≈......≈≈≈≈≈≈.....#
...≈≈≈≈≈≈...≈≈≈≈@.#
.≈≈≈≈≈≈..._[..≈;cF#
≈≈≈.....#...#.....#
≈...###############
... .. .


You could see a bullfrog (poisoned), a centaur and an electric eel.

Vanquished Creatures
  A centaur zombie (D:6)
  Grinder (D:3)
  Sigmund (D:3)
  A steam dragon (D:7)
  Duvessa (D:6)
  An orc warrior (D:5)
  A black bear (D:5)
  An ogre (D:5)
  3 centaurs
  A kobold brigand (D:6)
  3 bullfrogs
  3 scorpions
  Dowan (D:6)
  A water moccasin zombie (D:5)
  A water moccasin skeleton (D:5)
  2 howler monkeys
  A centaur skeleton (D:3)
  2 hounds
  A jelly (D:5)
  Jessica (D:2)
  3 iguanas
  An orc wizard (D:3)
  A hound zombie (D:5)
  A howler monkey zombie (D:6)
  5 adders
  A white imp (D:7)
  A dart slug (D:4)
  14 orcs
  4 bats
  7 endoplasms
  2 giant cockroaches
  2 goblins
  8 hobgoblins
  2 quokkas
  11 ball pythons
  4 frilled lizards
  10 kobolds
  4 rats
109 creatures vanquished.

Notes
Turn   | Place    | Note
-------+----------+-------------------------------------------
     0 | D:1      | jlumianski the Gnoll Monk began the quest for the Orb.
     0 | D:1      | Reached XP level 1. HP: 23/23 MP: 1/1
   158 | D:1      | Reached XP level 2. HP: 25/29 MP: 2/2
   927 | D:2      | Reached XP level 3. HP: 32/35 MP: 3/3
  1040 | D:2      | Found a sparkling altar of Nemelex Xobeh.
  1055 | D:2      | Found a faded altar of an unknown god.
  1255 | D:2      | Noticed Jessica
  1284 | D:2      | Killed Jessica
  1285 | D:2      | Reached skill level 1 in Short Blades
  1285 | D:2      | Reached skill level 1 in Long Blades
  1285 | D:2      | Reached skill level 1 in Maces & Flails
  1285 | D:2      | Reached skill level 1 in Polearms
  1285 | D:2      | Reached skill level 1 in Staves
  1285 | D:2      | Reached skill level 1 in Slings
  1285 | D:2      | Reached skill level 1 in Bows
  1285 | D:2      | Reached skill level 1 in Crossbows
  1285 | D:2      | Reached skill level 1 in Throwing
  1285 | D:2      | Reached skill level 1 in Armour
  1285 | D:2      | Reached skill level 1 in Shields
  1285 | D:2      | Reached skill level 1 in Unarmed Combat
  1285 | D:2      | Reached skill level 1 in Spellcasting
  1285 | D:2      | Reached skill level 1 in Invocations
  1285 | D:2      | Reached skill level 1 in Evocations
  1727 | D:2      | Learned a level 1 spell: Shock
  2239 | D:3      | Noticed Sigmund
  2253 | D:3      | Found a shadowy altar of Dithmenos.
  2261 | D:3      | Reached XP level 4. HP: 37/41 MP: 5/5
  2386 | D:3      | Found a sacrificial altar of Ru.
  2386 | D:3      | Found an ornate altar of the Wu Jian Council.
  2654 | D:3      | Reached skill level 1 in Conjurations
  2654 | D:3      | Reached skill level 1 in Hexes
  2654 | D:3      | Reached skill level 1 in Summonings
  2654 | D:3      | Reached skill level 1 in Necromancy
  2654 | D:3      | Reached skill level 1 in Translocations
  2654 | D:3      | Reached skill level 1 in Transmutations
  2654 | D:3      | Reached skill level 1 in Fire Magic
  2654 | D:3      | Reached skill level 1 in Ice Magic
  2654 | D:3      | Reached skill level 1 in Air Magic
  2654 | D:3      | Reached skill level 1 in Earth Magic
  2654 | D:3      | Reached skill level 1 in Poison Magic
  2743 | D:3      | Reached XP level 5. HP: 31/47 MP: 7/7
  3157 | D:3      | Killed Sigmund
  3158 | D:3      | Reached XP level 6. HP: 18/53 MP: 9/9
  3613 | D:4      | Noticed Grinder
  3615 | D:4      | Paralysed by Grinder for 5 turns
  3664 | D:3      | Killed Grinder
  3665 | D:3      | Reached skill level 7 in Dodging
  3665 | D:3      | Reached XP level 7. HP: 11/60 MP: 10/10
  4074 | D:4      | Reached skill level 5 in Stealth
  4635 | D:5      | Entered Level 5 of the Dungeon
  4827 | D:5      | Reached XP level 8. HP: 67/67 MP: 12/12
  5135 | D:5      | Found a white marble altar of Elyvilon.
  5439 | D:5      | Learned a level 3 spell: Swiftness
  5724 | D:5      | Found a burning altar of Makhleb.
  6548 | D:6      | Reached XP level 9. HP: 70/73 MP: 14/14
  6577 | D:6      | Noticed Duvessa
  6577 | D:6      | Noticed Dowan
  6609 | D:6      | Killed Duvessa
  6618 | D:6      | Killed Dowan
  7259 | D:6      | Found a blossoming altar of Fedhas.
  7862 | D:7      | Found a basalt altar of Yredelemnul.
  7877 | D:7      | Learned a level 2 spell: Poisonous Vapours
  7884 | D:7      | Found a broken altar of Ashenzari.
  7905 | D:7      | Reached skill level 8 in Dodging
  7926 | D:7      | Killed from afar by an electric eel

Illustrated notes

Levels and vault maps discovered:
D:1:      dpeg_arrival_signposts, layout_basic
D:2:      layout_basic, basic_altar, shapermc_ecumenical_altar_mp_urbaneastern,
          uniq_jessica
D:3:      kennysheep_big_flooded_room, layout_rooms,
          amethyst_overflow_temple_binary, grunt_dithmenos_smoke_and_mirrors,
          uniq_sigmund
D:4:      layout_cave_pools, uniq_grinder
D:5:      layout_basic, lemuel_round_altar, marbit_many_paths, hex_large
D:6:      layout_loops_ring, fedhas_altar_4, minmay_misc_feat_ornament,
          minmay_manual_mares, uniq_duvessa
D:7:      layout_loops_cross, kennysheep_mini, chei_slow_surprise,
          mainiacjoe_overflow_catch_the_wave, mainiacjoe_overflow_tiny_flanked,
          minmay_temple_entry_slanted

Skill      XL: |  1  2  3  4  5  6  7  8  9 |
---------------+----------------------------+-----
Short Blades   | 1 2 3 4 |  4.3
Long Blades    | 1 2 3 4 |  4.3
Maces & Flails | 1 2 3 4 |  4.3
Polearms       | 1 2 3 4 |  4.3
Staves         | 1 2 3 4 |  4.3
Slings         | 1 2 3 4 |  4.3
Bows           | 1 2 3 4 |  4.3
Crossbows      | 1 2 3 4 |  4.3
Throwing       | 1 2 3 4 |  4.3
Armour         | 1 2 3 4 |  4.3
Shields        | 1 2 3 4 |  4.3
Unarmed Combat | 1 2 3 4 |  4.3
Spellcasting   | 1 2 3 4 |  4.3
Invocations    | 1 2 3 4 |  4.8
Evocations     | 1 2 3 4 |  4.3
Conjurations   | 1 2 3 |  3.5
Hexes          | 1 2 3 |  3.5
Summonings     | 1 2 3 |  3.5
Necromancy     | 1 2 3 |  3.5
Translocations | 1 2 3 |  3.5
Transmutations | 1 2 3 |  3.5
Fire Magic     | 1 2 3 |  3.5
Ice Magic      | 1 2 3 |  3.5
Air Magic      | 1 2 3 |  3.5
Earth Magic    | 1 2 3 |  3.5
Poison Magic   | 1 2 3 |  3.5
Fighting       | 7 |  7.9
Axes           | 7 |  7.9
Dodging        | 7 8 |  8.0
Stealth        | 5 6 |  6.1

Action                   |  1- 3 |  4- 6 |  7- 9 || total
-------------------------+-------+-------+-------++-------
Melee: Hand axe          |    95 |    74 |    31 ||   200
       Bite              |     5 |     8 |    27 ||    40
       Dagger            |       |    34 |   207 ||   241
       Punch             |       |       |     4 ||     4
Throw: Stone             |    24 |       |       ||    24
       Boomerang         |       |     2 |     4 ||     6
 Cast: Shock             |     1 |    37 |    58 ||    96
       Swiftness         |       |       |     1 ||     1
       Poisonous Vapours |       |       |     1 ||     1
  Use: Potion            |     1 |     5 |     4 ||    10
       Scroll            |       |       |     8 ||     8
 Stab: Sleeping          |     4 |     1 |     5 ||    10
Armor: Robe              |     4 |    26 |   115 ||   145
       Ring mail         |       |     1 |       ||     1
Dodge: Dodged            |    51 |    83 |   256 ||   390
